 Dungeon Crawl Stone Soup version 0.21.0-3-g78d12a8 (webtiles) character file.

12325 oplop the Contemplative (level 11, -2/75 HPs)
             Began as an Octopode Transmuter on Jan 11, 2018.
             Was a Priest of Cheibriados.
             Slain by a yak (16 damage)
             ... on level 2 of the Lair of Beasts.
             The game lasted 00:41:38 (14015 turns).

oplop the Contemplative (Octopode Transmuter)      Turns: 14015, Time: 00:41:38

Health: -2/75      AC:  1    Str: 17    XL:     11   Next: 91%
Magic:  6/22       EV: 19    Int: 21    God:    Cheibriados [***...]
Gold:   578        SH:  0    Dex: 21    Spells: 11/25 levels left

rFire    . . .     SeeInvis .     - Unarmed
rCold    + . .     Gourm    .   (shield currently unavailable)
rNeg     . . .     Faith    .   (helmet restricted)
rPois    .         Spirit   .   (no amulet)
rElec    .         Reflect  .   x - ring of protection from cold
rCorr    .         Harm     .   F - ring of protection from magic (curse)
MR       +....                  (no ring)
Stlth    +++.......             (no ring)
HPRegen  0.22/turn              (no ring)
MPRegen  0.18/turn              (no ring)
                                (no ring)
                                (no ring)

@: blade tentacles, very slightly contaminated, invisible, very slow
A: almost no armour, stealthy swim, amphibious, 8 rings, constrict 8, tentacle
spike 1, camouflage 1, mutation resistance 1, sense surroundings 1, screaming 1,
gelatinous body 1
a: End Transformation, Bend Time, Temporal Distortion, Renounce Religion


You were on level 2 of the Lair of Beasts.
You worshipped Cheibriados.
Cheibriados was most pleased with you.
You were near starving.
You had blades for tentacles.
You visited 2 branches of the dungeon, and saw 12 of its levels.
You also visited: Ossuary.

You collected 578 gold pieces.

Inventory:

Hand Weapons
 e - a +3 dagger of venom
Missiles
 a - 152 arrows
 m - 10 throwing nets (quivered)
Magical Staves
 B - an uncursed staff of earth {unknown}
Jewellery
 x - a ring of protection from cold (left scythe-like blade)
 F - a cursed ring of protection from magic (right scythe-like blade)
Wands
 q - a wand of polymorph (16)
 C - a wand of disintegration (11)
 D - a wand of enslavement (16)
 E - a wand of digging (13)
Scrolls
 d - 3 scrolls of enchant armour
 i - 6 scrolls of remove curse
 l - 2 scrolls of fog
 o - a scroll of holy word
 v - 3 scrolls of identify
 y - a scroll of magic mapping
Potions
 f - a potion of agility
 j - a potion of might {unknown}
 k - a potion of flight {unknown}
 n - a potion of berserk rage
 p - a potion of ambrosia
 r - a potion of cancellation
 s - 6 potions of haste
 t - a potion of invisibility
 u - a potion of curing
 w - 2 potions of degeneration {unknown}
 z - 2 potions of lignification {unknown}
 A - 2 potions of brilliance {unknown}
Books
 b - a book of Changes

   Spells                             Type                      Level
   a - Beastly Appendage              Transmutation                1
   b - Sticks to Snakes               Transmutation                2
   c - Spider Form                    Transmutation/Poison         3
   d - Ice Form                       Ice/Transmutation            4
   e - Blade Hands                    Transmutation                5
 G - a book of Conjurations

   Spells                             Type                      Level
   a - Magic Dart                     Conjuration                  1
   b - Searing Ray                    Conjuration                  2
   c - Dazzling Spray                 Conjuration/Hexes            3
   d - Fulminant Prism                Conjuration/Hexes            4
   e - Force Lance                    Conjuration/Translocation    4
   f - Iskenderun's Mystic Blast      Conjuration                  4
Comestibles
 c - 17 rations


   Skills:
 + Level 7.2 Fighting
 + Level 7.4 Dodging
 * Level 7.0 Unarmed Combat
 + Level 7.7 Spellcasting
 - Level 8.3 Transmutations
 - Level 2.9 Ice Magic
 * Level 9.2 Invocations


You had 11 spell levels left.
You knew the following spells:

 Your Spells              Type           Power        Failure   Level  Hunger
a - Blade Hands           Tmut           #####.....   41%         5    #####..
b - Sticks to Snakes      Tmut           #####...     11%         2    None
c - Spider Form           Tmut/Pois      ####......   30%         3    None
d - Ice Form              Ice/Tmut       ####....     43%         4    ###....


Dungeon Overview and Level Annotations

Branches:
Dungeon (10/15)            Temple (0/1) D:5            Lair (2/6) D:8
  Snake (0/4) Lair:2
  Swamp: Lair:2-4    Shoals: Lair:2-4       Orc: D:9-12

Altars:
Ashenzari
Cheibriados
Elyvilon
Fedhas
Gozag
Hepliaklqana
Makhleb
Nemelex Xobeh
Qazlal
Ru
Sif Muna
Vehumet
Wu Jian

Shops:
D:6 (   D:7 (

Annotations:
D:3 RollingDesktops's ghost, weakling DrCK
D:4 1 exclusion, letownia2's ghost, amateur GrFi
D:8 exclusion: statue
D:10 exclusion: two-headed ogre


Innate Abilities, Weirdness & Mutations

You cannot wear most types of armour.
You are very stealthy in the water. (Stealth+)
You are amphibious.
You can wear up to eight rings at the same time.
You can use your tentacles to constrict eight enemies at once.
Your skin changes colour to match your surroundings (Stealth+).
Your rubbery body absorbs attacks. (AC +1, EV +1)
One of your tentacles bears a spike.
You are somewhat resistant to further mutation.
You passively map a small area around you.
You occasionally shout uncontrollably at your foes.


Message History

You slash the yak!
The yak is heavily wounded.
The blink frog barely misses you. The blink frog completely misses you.
You barely miss the blink frog.
The yak bellows!
You grab the blink frog. You constrict the blink frog.
The yak bellows!
The blink frog barely misses you. The yak completely misses you.
You slash the yak!
You pierce the yak, but do no damage.
You squeeze the yak.
The yak is moderately wounded.
You constrict the blink frog. The blink frog barely misses you.
The yak bellows!
You slice the yak!!
You kill the yak!
Cheibriados thoroughly appreciates the change of pace.
You can now warp the flow of time around you.
You constrict the blink frog, but do no damage.
The yak bellows!
The blink frog closely misses you. The yak gores you!
You die...

.............[....<........
,
...........................
..P#########..##..........#
..P# ####.........### ..##
###......## ..# #......#
..# ##F.....# ..# #FYF....#
..# #@†.....# §..#
##Y.....# ..## #......# ..#
#......# ..# #......# ..#
#......# ..# #/.....# ..# *
#.......* ..# * , .......##


You could see 2 yaks, 2 blink frogs and a bullfrog.

Vanquished Creatures
  A centaur warrior (D:9)
  4 elephants (Lair:2)
  2 spiny frogs
  2 komodo dragons
  4 hippogriffs
  A blink frog (Lair:2)
  A spriggan (D:7)
  22 yaks
  A basilisk (Lair:1)
  A hungry ghost (D:10)
  3 nagas (Lair:2)
  Duvessa (D:7)
  2 water moccasins (Lair:2)
  3 porcupines
  An orc warrior (D:7)
  2 ice beasts
  A phantom (D:7)
  4 crocodiles
  4 centaurs
  6 ogres
  A big kobold (D:10)
  9 bullfrogs
  A wyvern skeleton (D:8)
  2 scorpions
  Dowan (D:7)
  4 killer bees (D:10)
  3 howler monkeys
  A crimson imp (D:5)
  3 centaur zombies (Ossuary)
  3 hounds
  A centaur skeleton (D:7)
  A bullfrog skeleton (D:8)
  An iguana (D:7)
  6 worker ants
  6 orc wizards
  Terence (D:3)
  2 big kobold zombies (Ossuary)
  A hound zombie (D:6)
  4 mummies (Ossuary)
  9 adders
  2 shadow imps
  An ooze (D:1)
  3 adder skeletons
  4 dart slugs
  6 leopard geckos
  23 orcs
  7 bats
  6 hobgoblins
  4 jackals
  5 quokkas
  2 ball pythons (D:1)
  7 frilled lizards
  9 goblins
  2 hobgoblin zombies (Ossuary)
  2 jackal skeletons
  11 kobolds
  10 rats
230 creatures vanquished.

Vanquished Creatures (collateral kills)
  A troll (D:9)
  A naga (Lair:2)
  An orc warrior (D:9)
  A phantom (D:6)
  An ogre (D:8)
  A big kobold (D:8)
  An orc priest (D:9)
  4 orc wizards
  A mummy (Ossuary)
  A worker ant zombie (D:9)
  6 orcs
  A kobold (D:8)
20 creatures vanquished.

Vanquished Creatures (others)
  A fungus (Lair:2)
1 creature vanquished.

Grand Total: 251 creatures vanquished

Notes
Turn   | Place    | Note
-------+----------+-------------------------------------------
     0 | D:1      | oplop the Octopode Transmuter began the quest for the Orb.
     0 | D:1      | Reached XP level 1. HP: 13/13 MP: 3/3
     2 | D:1      | Noticed a merfolk
     2 | D:1      | Noticed a demigod
     4 | D:1      | Noticed a vampire
     4 | D:1      | Noticed a ghoul
     6 | D:1      | Noticed a human
     6 | D:1      | Noticed a vine stalker
    10 | D:1      | Noticed a felid
    12 | D:1      | Noticed an elf
    14 | D:1      | Noticed a demonspawn
    14 | D:1      | Noticed a gargoyle
    16 | D:1      | Noticed a tengu
    16 | D:1      | Noticed an ogre
    18 | D:1      | Noticed a troll
    18 | D:1      | Noticed a naga
    20 | D:1      | Noticed a draconian
    20 | D:1      | Noticed a centaur
    22 | D:1      | Noticed a spriggan
    22 | D:1      | Noticed a formicid
    24 | D:1      | Noticed a dwarf
    24 | D:1      | Noticed an octopode
    26 | D:1      | Noticed a minotaur
    26 | D:1      | Noticed a halfling
   140 | D:1      | Reached XP level 2. HP: 17/18 MP: 5/5
   350 | D:1      | Reached XP level 3. HP: 23/23 MP: 6/6
   874 | D:2      | Found a burning altar of Makhleb.
   918 | D:2      | Learned a level 2 spell: Sticks to Snakes
   922 | D:2      | Learned a level 3 spell: Spider Form
  1143 | D:2      | Reached XP level 4. HP: 28/28 MP: 8/8
  1333 | D:3      | Found an opulent altar of Gozag.
  1343 | D:3      | Found a faded altar of an unknown god.
  1497 | D:3      | Noticed Terence
  1508 | D:3      | Killed Terence
  1599 | D:3      | Noticed RollingDesktops's ghost (weakling DrCK)
  1779 | D:3      | Reached XP level 5. HP: 26/34 MP: 7/9
  2405 | D:4      | Found a deep blue altar of Sif Muna.
  2639 | D:4      | Noticed letownia2's ghost (amateur GrFi)
  2671 | D:5      | Entered Level 5 of the Dungeon
  2671 | D:5      | Noticed an ogre
  2942 | D:5      | Reached XP level 6. HP: 19/40 MP: 9/11
  3256 | D:4      | Found a snail-covered altar of Cheibriados.
  3539 | D:5      | Found a staircase to the Ecumenical Temple.
  3642 | D:5      | Reached XP level 7. HP: 45/45 MP: 7/13
  4678 | D:6      | Reached skill level 5 in Transmutations
  4707 | D:6      | Found Titirug's Weapon Boutique.
  4797 | D:6      | Found a sparkling altar of Nemelex Xobeh.
  4815 | D:6      | Found a sand-covered staircase.
  4820 | Ossuary  | Entered an ossuary
  5364 | Ossuary  | Gained mutation: You passively map a small area around you. [potion of mutation]
  5364 | Ossuary  | Gained mutation: Scrolls take you a little longer to read. [potion of mutation]
  5364 | Ossuary  | Gained mutation: You expend magic power (3 MP) to strengthen your wands. [potion of mutation]
  5364 | Ossuary  | Gained mutation: You are partially covered in slimy green scales. (AC +2) [potion of mutation]
  5365 | Ossuary  | Lost mutation: Scrolls take you a little longer to read. [potion of mutation]
  5365 | Ossuary  | Lost mutation: You are partially covered in slimy green scales. (AC +2) [potion of mutation]
  5365 | Ossuary  | Lost mutation: You expend magic power (3 MP) to strengthen your wands. [potion of mutation]
  5365 | Ossuary  | Gained mutation: You occasionally shout uncontrollably at your foes. [potion of mutation]
  5365 | Ossuary  | Gained mutation: You are somewhat resistant to further mutation. [potion of mutation]
  5365 | Ossuary  | Gained mutation: One of your tentacles bears a spike. [potion of mutation]
  5498 | D:6      | Reached XP level 8. HP: 42/52 MP: 15/15
  5596 | D:6      | Reached skill level 5 in Spellcasting
  6068 | D:6      | Found a shattered altar of Ashenzari.
  6168 | D:4      | Became a worshipper of Cheibriados the Contemplative
  6259 | D:7      | Found a stormy altar of Qazlal.
  6282 | D:7      | Found a hazy altar of Hepliaklqana.
  6302 | D:7      | Found a sacrificial altar of Ru.
  6303 | D:7      | Found an ornate altar of the Wu Jian Council.
  6303 | D:7      | Found a white marble altar of Elyvilon.
  6372 | D:7      | Found Yna Tise's Weapon Emporium.
  6374 | D:7      | Noticed a hippogriff
  6420 | D:7      | Learned a level 4 spell: Ice Form
  6566 | D:7      | Killed a hippogriff
  6566 | D:7      | Reached skill level 1 in Invocations
  6606 | D:7      | Reached skill level 2 in Invocations
  6724 | D:7      | Noticed Dowan
  6740 | D:7      | Noticed Duvessa
  6751 | D:7      | Killed Dowan
  6753 | D:7      | HP: 1/54 [Duvessa/short sword of draining (3)]
  6754 | D:7      | Killed Duvessa
  6754 | D:7      | Reached skill level 3 in Invocations
  6754 | D:7      | Reached XP level 9. HP: 1/59 MP: 11/17
  6843 | D:7      | Found a blossoming altar of Fedhas.
  7216 | D:7      | Reached skill level 5 in Dodging
  7601 | D:8      | Reached * piety under Cheibriados
  7619 | D:8      | Noticed a death yak
  7619 | D:8      | Noticed a death yak
  7639 | D:8      | Noticed a death yak
  8102 | D:8      | Found a staircase to the Lair.
  8112 | Lair:1   | Entered Level 1 of the Lair of Beasts
  8156 | D:8      | Found a radiant altar of Vehumet.
  8213 | D:8      | Reached skill level 4 in Invocations
  8469 | D:9      | Reached skill level 1 in Ice Magic
  8852 | D:9      | Noticed a centaur warrior
  8874 | D:9      | Killed a centaur warrior
  8874 | D:9      | Reached skill level 5 in Fighting
  8874 | D:9      | Reached skill level 5 in Invocations
  9250 | D:9      | Reached XP level 10. HP: 66/66 MP: 15/19
  9257 | D:9      | Learned a level 5 spell: Blade Hands
  9888 | D:9      | Reached ** piety under Cheibriados
 10347 | D:10     | Entered Level 10 of the Dungeon
 10379 | D:10     | Reached skill level 6 in Invocations
 11013 | D:10     | Noticed a two-headed ogre
 11685 | Lair:1   | Reached skill level 7 in Invocations
 12028 | Lair:1   | Reached XP level 11. HP: 72/72 MP: 21/21
 12228 | Lair:1   | Reached skill level 5 in Unarmed Combat
 12837 | Lair:1   | Reached skill level 8 in Invocations
 13397 | Lair:2   | Reached *** piety under Cheibriados
 13491 | Lair:2   | Found a staircase to the Snake Pit.
 13956 | Lair:2   | Reached skill level 9 in Invocations
 14015 | Lair:2   | Slain by a yak

Skill      XL: |  1  2  3  4  5  6  7  8  9 10 11 |
---------------+----------------------------------+-----
Transmutations | 3 4 5 6 7 8 |  8.3
Spellcasting   | 3 4 5 6 7 |  7.7
Fighting       | 2 3 4 5 6 7 |  7.2
Dodging        | 3 4 5 6 7 |  7.4
Invocations    | 3 5 7 9 |  9.2
Ice Magic      | 2 |  2.9
Unarmed Combat | 4 7 |  7.0

Action                   |  1- 3 |  4- 6 |  7- 9 | 10-12 || total
-------------------------+-------+-------+-------+-------++-------
Melee: Dagger            |    66 |    94 |    98 |    26 ||   284
       Constrict         |    20 |    27 |    23 |    17 ||    87
       Unarmed           |     4 |    12 |   245 |   225 ||   486
       Kick              |     4 |    17 |     9 |    61 ||    91
       Tentacles         |     5 |     9 |    23 |    34 ||    71
       Punch             |       |     3 |     2 |     8 ||    13
 Cast: Beastly Appendage |     8 |    13 |       |       ||    21
       Sticks to Snakes  |       |     7 |    56 |    30 ||    93
       Spider Form       |       |     2 |    23 |     3 ||    28
       Ice Form          |       |       |     6 |    11 ||    17
       Blade Hands       |       |       |       |    14 ||    14
Invok: Bend Time         |       |       |     4 |    13 ||    17
       Temporal Distorti |       |       |       |     2 ||     2
  Use: Scroll            |       |       |    22 |     4 ||    26
       Potion            |       |       |     4 |     5 ||     9
 Stab: Sleeping          |    15 |     7 |     6 |     1 ||    29
       Distracted        |       |       |     5 |     1 ||     6
       Invisible         |       |       |       |     1 ||     1
  Eat: Chunk             |     1 |     5 |    10 |     9 ||    25
       Ration            |       |     1 |     3 |     1 ||     5
Armor: Skin              |     6 |     5 |    31 |    23 ||    65
Dodge: Dodged            |    39 |    74 |   314 |   171 ||   598
